[Event "Team 45 45 League T59"]
[Site "Internet Chess Club"]
[Date "2013.11.30"]
[Round "2"]
[White "MBAStudent"]
[Black "RamRock"]
[Result "1/2-1/2"]
[WhiteElo "1683"]
[BlackElo "1839"]
[Opening "Caro-Kann: classical variation"]
[ECO "B18"]
[Time "14:39:27"]
[TimeControl "2700+45"]

1. e4 c6 2. d4 d5 3. Nc3 dxe4 4. Nxe4 Bf5 5. Ng3 Bg6 6. Nf3 Nd7 7. Bc4 e6 8. O-O
Ngf6 9. c3 Be7 10. Ng5 Nd5 11. N5e4 Qc7 12. Qe2 O-O 13. Ng5 Rfe8 14. h4 h6 15.
h5 Bxh5 16. Qxh5 Bxg5 17. Bxg5 hxg5 18. Qxg5 Qf4 19. Qh5 N7f6 20. Qe2 e5 21.
Bxd5 Nxd5 22. Rfe1 Re7 23. Qe4 Rae8 24. Nf5 Re6 25. g3 Qxe4 26. Rxe4 g6 27. Nh4
exd4 28. Rxd4 Re2 29. Rb1 Rc2 30. Nf3 Ree2 31. c4 Rxf2 32. Ne1 Rxb2 33. Rxb2
Rxb2 34. cxd5 cxd5 35. a4 Ra2 36. Nd3 Kf8 37. Nf4 Ke7 38. Nxd5+ Ke6 39. Nc3 Ra3
40. Ne2 Ke5 41. Rf4 Rxg3+ 42. Kf2 Ra3 43. Rxf7 Rxa4 44. Re7+ Kd6 45. Rxb7 g5 46.
Rg7 g4 47. Nc3 Rf4+ 48. Kg2 a5 49. Rg5 a4 50. Ra5 Rf3 51. Nxa4 Ra3 52. Ra6+ Kc7
53. Ra7+ Kb8 54. Ra6 Kc7 55. Ra5 Kc6 56. Rc5+ Kd6 57. Rc4 g3 58. Nc3 Rb3 59.
Kxg3 Ke5 60. Kf3 Kd6 61. Ke4 Rb2 62. Rd4+ Ke6 63. Ra4 Rb6 64. Nd5 Rd6 65. Ra5
Rc6 66. Nf4+ Kd6 67. Rd5+ Ke7 68. Nd3 Ra6 69. Ke5 Rh6 70. Nf4 Rh1 71. Rb5 Re1+
72. Kf5 Rf1 73. Rb6 Kd7 {Game drawn by mutual agreement} 1/2-1/2

[Event "Team 45 45 League T59"]
[Site "Internet Chess Club"]
[Date "2013.11.30"]
[Round "2"]
[White "hewdondada"]
[Black "fishhead"]
[Result "0-1"]
[WhiteElo "1700"]
[BlackElo "1835"]
[Opening "Trompowsky attack (Ruth, Opocenský opening)"]
[ECO "A45"]
[Time "18:07:25"]
[TimeControl "2700+45"]

1. d4 Nf6 2. Bg5 g6 3. e4 Bg7 4. Nd2 d6 5. Ngf3 c6 6. c3 Nbd7 7. Bd3 e5 8. O-O
h6 9. Bh4 Qc7 10. dxe5 dxe5 11. h3 Nc5 12. Bc2 Nh5 13. Nc4 O-O 14. Qd6 Qxd6 15.
Nxd6 g5 16. Bg3 Nxg3 17. fxg3 a5 18. b4 Ne6 19. a3 b5 20. Bb3 Bd7 21. Nf5 Rfe8
22. Rfd1 Ra7 23. Ne1 Nf8 24. Nd6 Re7 25. Nc2 Be6 26. Bxe6 Rxe6 27. Ne3 Nd7 28.
Nc8 Rc7 29. Nf5 Bf8 30. Nfd6 Nf6 31. bxa5 Nxe4 32. Nxe4 Rxc8 33. c4 Ra8 34. c5
Rxa5 35. Nd6 Ra4 36. Ra2 Rd4 37. Rad2 Bxd6 38. cxd6 Rexd6 39. Rxd4 exd4 40. Kf2
c5 41. Ke2 c4 42. Kd2 Rf6 43. Ke2 d3+ 44. Ke3 Ra6 45. Rb1 Rxa3 46. Rxb5 d2+ 47.
Kxd2 Rxg3 48. Rb6 Kg7 49. Rc6 Rxg2+ 50. Kc3 Rg3+ 51. Kxc4 Rxh3 52. Kd5 Re3 53.
Kd4 Re1 54. Kd3 Re6 55. Rc5 Kg6 56. Rc8 g4 57. Rg8+ Kf5 58. Rg7 Re7 59. Kd2 h5
60. Kd3 h4 61. Kd2 h3 62. Rh7 Kf4 {White resigns} 0-1

[Event "Team 45 45 League T59"]
[Site "Internet Chess Club"]
[Date "2013.11.28"]
[Round "2"]
[White "justice02"]
[Black "Lumumba"]
[Result "1-0"]
[WhiteElo "1828"]
[BlackElo "1578"]
[Opening "English opening"]
[ECO "A13"]
[Time "12:00:22"]
[TimeControl "2700+45"]

1. c4 e6 2. g3 d5 3. Bg2 c6 4. Nf3 Nf6 5. O-O Be7 6. d4 Nbd7 7. Nc3 O-O 8. cxd5
exd5 9. Qc2 Re8 10. b3 Bd6 11. Re1 Qc7 12. Bd2 Nf8 13. Rac1 Ne6 14. Qd3 a6 15.
Nh4 Nf8 16. Nxd5 Nxd5 17. Bxd5 Bh3 18. Be4 Rad8 19. Nf5 Bxf5 20. Bxf5 Ng6 21. e4
Bf8 22. Qc4 Ne5 23. Qc3 Rxd4 24. Bf4 Bb4 25. Qxd4 Nf3+ 26. Kg2 Nxd4 27. Bxc7
Bxe1 28. Bxh7+ Kxh7 29. Rxe1 Ne6 30. Ba5 Nc5 31. f3 Nd7 32. Rd1 Nf6 33. Bc3 Kg6
34. h4 Re7 35. g4 Nd7 36. Rd6+ f6 37. Kg3 Kf7 38. h5 c5 39. Kf4 Nf8 40. Rb6 Ne6+
41. Ke3 Nd8 42. Bb2 Rc7 43. Rd6 Ne6 44. f4 Ke7 45. Rd5 b5 46. f5 Nd8 47. e5 Nf7
48. e6 Nd6 49. Ba3 b4 50. Bb2 c4 51. Kd4 c3 52. Bc1 Nb5+ 53. Kd3 Na3 54. Rd4 a5
55. Bxa3 bxa3 56. Rc4 {Black resigns} 1-0

[Event "Team 45 45 League T59"]
[Site "Internet Chess Club"]
[Date "2013.11.30"]
[Round "2"]
[White "lacibacsi"]
[Black "bondguy01"]
[Result "1-0"]
[WhiteElo "1980"]
[BlackElo "1741"]
[Opening "Sicilian: closed, 6.Be3"]
[ECO "B26"]
[Time "16:00:51"]
[TimeControl "2700+45"]

1. e4 c5 2. Nc3 d6 3. g3 Nc6 4. Bg2 g6 5. d3 Bg7 6. Be3 Rb8 7. Qd2 b5 8. Nge2 b4
9. Nd1 Nd4 10. f4 e6 11. Nc1 Ne7 12. O-O O-O 13. a3 a5 14. axb4 axb4 15. c3 bxc3
16. bxc3 Ndc6 17. d4 cxd4 18. cxd4 f5 19. e5 d5 20. Nd3 Qb6 21. Nc5 Qb4 22. Nc3
Qb2 23. Qe1 Qb6 24. Rf2 Nb4 25. Bf1 Nec6 26. Rb2 Re8 27. Qb1 Bf8 28. Bb5 Qxb5
29. Nxb5 Rxb5 30. Nd3 Bd7 31. Nxb4 Bxb4 32. Ra4 Reb8 33. Bd2 Nxd4 34. Bxb4 R5b7
35. Ra3 Nb5 36. Raa2 Nd4 37. Bd6 Rxb2 38. Rxb2 Rc8 39. Rb8 {Black resigns} 1-0

[Event "Team 45 45 League T59"]
[Site "Internet Chess Club"]
[Date "2013.11.30"]
[Round "2"]
[White "beitmery"]
[Black "Tobiasdelmonte"]
[Result "1-0"]
[WhiteElo "1649"]
[BlackElo "1773"]
[Opening "Benkö gambit"]
[ECO "A57"]
[Time "13:06:51"]
[TimeControl "2700+45"]

1. d4 c5 2. d5 Nf6 3. c4 b5 4. Nf3 g6 5. g3 Bg7 6. Bg2 O-O 7. O-O b4 8. Nbd2 a5
9. Rb1 d6 10. b3 Bd7 11. Bb2 a4 12. Re1 a3 13. Ba1 Bf5 14. e4 Bg4 15. h3 Bxf3
16. Nxf3 Nbd7 17. e5 Ne8 18. e6 Ndf6 19. exf7+ Rxf7 20. Ng5 Qd7 21. Nxf7 Kxf7
22. Qe2 Ra7 23. Qe6+ Qxe6 24. Rxe6 Nc7 25. Re2 Na6 26. Rbe1 Nb8 27. h4 Bf8 28.
Bh3 Rc7 29. Be6+ Ke8 30. Bxf6 exf6 31. Bg8+ Be7 32. Bxh7 Kf7 33. Bxg6+ Kf8 34.
h5 Nd7 35. Rxe7 {Black resigns} 1-0

[Event "Team 45 45 League T59"]
[Site "Internet Chess Club"]
[Date "2013.12.07"]
[Round "2"]
[White "FourKnights"]
[Black "vigneshv"]
[Result "1/2-1/2"]
[WhiteElo "1815"]
[BlackElo "1660"]
[Opening "Bogo-Indian defense, Grünfeld variation"]
[ECO "E11"]
[Time "14:08:25"]
[TimeControl "2700+45"]

1. d4 e6 2. c4 Nf6 3. Nf3 Bb4+ 4. Nbd2 b6 5. g3 Bb7 6. Bg2 c5 7. a3 Bxd2+ 8.
Qxd2 cxd4 9. Qxd4 Nc6 10. Qd6 Qe7 11. Qxe7+ Nxe7 12. O-O O-O 13. Bg5 Rac8 14.
Rac1 d5 15. Bxf6 gxf6 16. Nd4 Ba8 17. cxd5 Bxd5 18. Bxd5 Nxd5 19. e4 Ne7 20. Nb3
f5 21. e5 Kg7 22. f4 Rxc1 23. Rxc1 Rc8 24. Rxc8 Nxc8 25. Nd4 Ne7 26. Nb5 {Game
drawn by mutual agreement} 1/2-1/2

[Event "Team 45 45 League T59"]
[Site "Internet Chess Club"]
[Date "2013.11.30"]
[Round "2"]
[White "laotse"]
[Black "fireball"]
[Result "0-1"]
[WhiteElo "1599"]
[BlackElo "1736"]
[Opening "French: advance variation"]
[ECO "C02"]
[Time "09:03:38"]
[TimeControl "2700+45"]

1. e4 e6 2. d4 d5 3. e5 c5 4. c3 Nc6 5. a3 Be7 6. f4 f6 7. Bd3 f5 8. Nf3 Nh6 9.
O-O O-O 10. Kh1 Bd7 11. Be3 Ng4 12. Bg1 Qb6 13. Qc2 cxd4 14. cxd4 Rac8 15. Nc3
Na5 16. Nd2 a6 17. Rac1 Bb5 18. Bxb5 axb5 19. h3 Nh6 20. Qd3 Nc4 21. Nxc4 bxc4
22. Rc2 cxd3 {White resigns} 0-1

[Event "Team 45 45 League T59"]
[Site "Internet Chess Club"]
[Date "2013.11.29"]
[Round "2"]
[White "bluesun"]
[Black "PaulaR"]
[Result "0-1"]
[WhiteElo "1442"]
[BlackElo "1815"]
[Opening "French: exchange variation"]
[ECO "C01"]
[Time "14:00:43"]
[TimeControl "2700+45"]

1. e4 e6 2. d4 d5 3. exd5 exd5 4. Nc3 Nf6 5. Nf3 Nc6 6. Bb5 Bd7 7. Bg5 Bb4 8.
O-O Bxc3 9. Qe2+ Be6 10. Bxc6+ bxc6 11. bxc3 O-O 12. Ne5 Re8 13. Qf3 c5 14. Bxf6
Qxf6 15. Qxf6 gxf6 16. Nd3 c4 17. Nf4 c6 18. Rab1 Rab8 19. h3 Kg7 20. Rfe1 Bf5
21. Rxb8 Rxe1+ 22. Kh2 Ra1 23. Rb2 Rc1 24. Rb7 Rxc2 25. Rxa7 Rxf2 26. Kg3 Rc2
27. Ra3 Be4 28. Ra6 Rxc3+ 29. Kh2 Rc2 30. Rxc6 Rxa2 31. Nh5+ Kg6 32. Nxf6 Rxg2+
33. Kh1 Rf2+ 34. Kg1 Rxf6 35. Rxf6+ Kxf6 36. Kf1 c3 37. Ke1 c2 38. Kd2 Kg6 39.
Kc1 f5 40. h4 f4 41. h5+ Kxh5 42. Kd2 f3 43. Kc1 f2 44. Kd2 f1=Q 45. Ke3 c1=B#
{White checkmated} 0-1

[Event "Team 45 45 League T59"]
[Site "Internet Chess Club"]
[Date "2013.12.04"]
[Round "2"]
[White "arnx813"]
[Black "MateMaster"]
[Result "0-1"]
[WhiteElo "1372"]
[BlackElo "1573"]
[Opening "Four knights: Spanish, classical defense"]
[ECO "C48"]
[Time "19:34:04"]
[TimeControl "2700+45"]

1. e4 Nc6 2. Nf3 e5 3. Nc3 Nf6 4. Bb5 Bc5 5. O-O a6 6. Bxc6 bxc6 7. Nxe5 O-O 8.
d4 Bb6 9. Bg5 d6 10. Nxc6 Qe8 11. d5 Nxe4 12. Ne7+ Kh8 13. Nxe4 f6 14. Nxc8 Rxc8
15. Re1 fxg5 16. Nxg5 Bxf2+ 17. Kh1 Bxe1 18. Qxe1 Qxe1+ 19. Rxe1 Rf5 20. Nf3
Rxd5 21. b4 h6 22. c4 Rd3 23. Rb1 Ra3 24. Rb2 Rb8 25. Ne1 Ra4 26. Nc2 c5 27. b5
Rxc4 28. g3 Rxb5 29. Rxb5 axb5 30. Na3 Rb4 31. Kg2 c4 32. Kf2 d5 33. Ke2 d4 34.
Kd2 Rb2+ 35. Kc1 Rxa2 36. Nxb5 d3 37. Nc3 Rc2+ 38. Kd1 Rxc3 39. Kd2 Rc2+ 40. Kd1
Rxh2 41. g4 c3 42. Ke1 d2+ 43. Kd1 Kh7 44. g5 hxg5 45. Kc2 g4 46. Kxc3 d1=Q 47.
Kc4 Rc2+ 48. Kb3 Qb1+ 49. Ka4 Ra2# {White checkmated} 0-1

[Event "Team 45 45 League T59"]
[Site "Internet Chess Club"]
[Date "2013.11.30"]
[Round "2"]
[White "Fulmar"]
[Black "ethan0627"]
[Result "0-1"]
[WhiteElo "1131"]
[BlackElo "1371"]
[Opening "Four knights: Italian variation"]
[ECO "C55"]
[Time "18:04:45"]
[TimeControl "2700+45"]

1. e4 e5 2. Nf3 Nc6 3. Bc4 Nf6 4. Nc3 Nxe4 5. Nxe4 d5 6. Bxd5 Qxd5 7. d3 Bf5 8.
Qe2 O-O-O 9. c4 Qxd3 10. Qxd3 Rxd3 11. Nfd2 Bb4 12. a3 Bxd2+ 13. Bxd2 Bxe4 14.
f3 Bg6 15. Rd1 Rhd8 16. Ke2 Nd4+ 17. Kf1 {White resigns} 0-1

[Event "Team 45 45 League T59"]
[Site "Internet Chess Club"]
[Date "2013.11.30"]
[Round "2"]
[White "houseofcook"]
[Black "mongmong"]
[Result "1-0"]
[WhiteElo "1484"]
[BlackElo "1649"]
[Opening "French: advance, Paulsen attack"]
[ECO "C02"]
[Time "06:12:38"]
[TimeControl "2700+45"]

1. e4 e6 2. d4 d5 3. e5 c5 4. c3 Nc6 5. Nf3 Qb6 6. Be2 cxd4 7. cxd4 Nge7 8. Nc3
Nf5 9. Na4 Bb4+ 10. Bd2 Qa5 11. Bc3 Nfxd4 12. Nxd4 Nxd4 13. Qxd4 Bd7 14. Bxb4
Qxa4 {Black resigns} 1-0

[Event "Team 45 45 League T59"]
[Site "Internet Chess Club"]
[Date "2013.12.01"]
[Round "2"]
[White "pcvan"]
[Black "SirIvanhoe"]
[Result "0-1"]
[WhiteElo "1453"]
[BlackElo "1520"]
[Opening "QGD Slav: Dutch variation, main line"]
[ECO "D19"]
[Time "13:01:35"]
[TimeControl "2700+45"]

1. d4 d5 2. c4 c6 3. Nf3 Nf6 4. Nc3 dxc4 5. a4 Bf5 6. e3 e6 7. Bxc4 Bb4 8. O-O
O-O 9. Qe2 Bg6 10. e4 Bxc3 11. bxc3 Nxe4 12. Ne5 Nxc3 13. Qb2 Qxd4 14. Nxg6 hxg6
15. Qxb7 Qxc4 16. Qxa8 Ne2+ 17. Kh1 Ng3+ 18. hxg3 Qxf1+ 19. Kh2 Qxf2 20. Rb1 Nd7
21. Qxc6 Ne5 22. Qe4 Nd7 23. Be3 Qe2 24. Qd4 Nb6 25. Rc1 Qh5+ 26. Kg1 Qa5 27.
Rc7 Qxa4 28. Qxa4 Nxa4 29. Bd4 Ra8 30. Bxa7 Nc3 31. Rb7 Ne4 32. Bb8 Ra1+ 33. Kh2
Nf2 34. g4 Nxg4+ 35. Kg3 Nh6 36. Be5 Ra3+ 37. Kf4 Ra4+ 38. Kf3 Nf5 39. g4 Nd4+
40. Ke3 Nc6 41. Bd6 Rxg4 42. Rb6 Na5 43. Rb8+ Kh7 44. Bf4 Nc6 45. Rc8 Nb4 46.
Kf3 Rg1 47. Kf2 Rb1 48. Rc4 Nd3+ 49. Ke3 Nxf4 50. Rxf4 Rb3+ 51. Kf2 f6 52. Rh4+
Kg8 53. Re4 {White resigns} 0-1

[Event "Team 45 45 League T59"]
[Site "Internet Chess Club"]
[Date "2013.12.01"]
[Round "2"]
[White "PaulRichard"]
[Black "ChessMaine"]
[Result "0-1"]
[WhiteElo "1458"]
[BlackElo "1441"]
[Opening "French: Fort Knox variation"]
[ECO "C03"]
[Time "22:00:34"]
[TimeControl "2700+45"]

1. e4 e6 2. d4 d5 3. Nd2 dxe4 4. Nxe4 Bd7 5. Nf3 Bc6 6. Bd3 Nd7 7. O-O Ngf6 8.
Ng3 Be7 9. b3 Bxf3 10. Qxf3 c6 11. Bb2 O-O 12. c4 Qc7 13. Ne4 Nxe4 14. Qxe4 Nf6
15. Qe2 Rfe8 16. Bc3 Bf8 17. Rfe1 g6 18. Rad1 Bg7 19. Qf3 Nh5 20. Bc2 Rad8 21.
g3 Bh8 22. Qe2 Ng7 23. Qf3 Nf5 24. Bxf5 exf5 25. Rxe8+ Rxe8 26. Qd3 Re4 27. f3
Re8 28. Kf2 f4 29. Qd2 fxg3+ 30. hxg3 h5 31. Re1 Re7 32. Rxe7 Qxe7 33. Qe2 Qd7
34. Qe4 c5 35. Ke3 f5 36. Qd5+ Qf7 37. Qxf7+ Kxf7 38. Kd3 cxd4 39. Bxd4 Bxd4 40.
Kxd4 g5 41. Ke5 Kg6 42. c5 f4 43. gxf4 h4 44. f5+ Kf7 45. Ke4 h3 46. f4 h2
{White resigns} 0-1

[Event "Team 45 45 League T59"]
[Site "Internet Chess Club"]
[Date "2013.11.30"]
[Round "2"]
[White "Visin"]
[Black "dabodhi"]
[Result "1-0"]
[WhiteElo "1355"]
[BlackElo "1371"]
[Opening "Sicilian: Labourdonnais-Löwenthal variation"]
[ECO "B32"]
[Time "12:02:52"]
[TimeControl "2700+45"]

1. e4 c5 2. Nf3 Nc6 3. d4 cxd4 4. Nxd4 e5 5. Nxc6 bxc6 6. Nc3 Nf6 7. a3 d5 8.
Bd3 Be7 9. Qe2 d4 10. Na2 c5 11. Bd2 Bg4 12. f3 Be6 13. Bc4 Qb6 14. Rb1 O-O 15.
O-O Rfd8 16. b4 Qd6 17. b5 Bxc4 18. Qxc4 d3 19. c3 Qe6 20. Qxe6 fxe6 21. c4 Nh5
22. g3 Rab8 23. a4 Rd4 24. Rbc1 h6 25. Be3 Bg5 26. Bxg5 hxg5 27. Rfd1 d2 28. Rc2
Rbd8 29. Kf2 Nf6 30. h3 Rf8 31. Ke3 Rfd8 32. Rdxd2 Nh5 33. Rxd4 Rxd4 34. Kf2 Kf7
35. a5 Ke7 36. b6 axb6 37. axb6 Rd1 38. Rb2 Rh1 39. Kg2 Rd1 40. b7 {Black
resigns} 1-0

[Event "Team 45 45 League T59"]
[Site "Internet Chess Club"]
[Date "2013.11.29"]
[Round "2"]
[White "Bible-Believer"]
[Black "milesotoole"]
[Result "1-0"]
[WhiteElo "1705"]
[BlackElo "1571"]
[Opening "Latvian counter-gambit"]
[ECO "C40"]
[Time "21:00:52"]
[TimeControl "2700+45"]

1. e4 e5 2. Nf3 f5 3. Nxe5 Qf6 4. d4 d6 5. Nc4 fxe4 6. Be2 Nc6 7. d5 Ne5 8. Nc3
Nxc4 9. Bxc4 Qg6 10. Bb5+ Kf7 11. Be2 Qxg2 12. Rf1 Nf6 13. Bf4 Bg4 14. Bg3 Bf5
15. Qd2 Qh3 16. O-O-O {Black forfeits on time} 1-0

[Event "Team 45 45 League T59"]
[Site "Internet Chess Club"]
[Date "2013.11.29"]
[Round "2"]
[White "Bryant-L"]
[Black "BotanicalKnight"]
[Result "1/2-1/2"]
[WhiteElo "1566"]
[BlackElo "1533"]
[Opening "Dutch"]
[ECO "A80"]
[Time "09:01:21"]
[TimeControl "2700+45"]

1. d4 f5 2. e3 e6 3. Bd3 d5 4. Nf3 Nf6 5. b3 Be7 6. Bb2 O-O 7. c4 c6 8. Qc2 Ne4
9. Nbd2 Nd7 10. a3 a5 11. Rf1 g5 12. Ng1 Qe8 13. f3 Nxd2 14. Qxd2 Qh5 15. h3
Qh4+ 16. Qf2 Qxf2+ 17. Kxf2 Nf6 18. Ne2 h5 19. g3 g4 20. hxg4 fxg4 21. f4 Kg7
22. c5 Bd7 23. Nc3 Rh8 24. Rh1 Be8 25. b4 axb4 26. axb4 Bg6 27. Bxg6 Kxg6 28.
Rxa8 Rxa8 29. Ra1 Rxa1 30. Bxa1 Kf5 31. Ke2 {Game drawn by mutual agreement}
1/2-1/2

[Event "Team 45 45 League T59"]
[Site "Internet Chess Club"]
[Date "2013.11.29"]
[Round "2"]
[White "kingsrook"]
[Black "Berke"]
[Result "1-0"]
[WhiteElo "1300"]
[BlackElo "1544"]
[Opening "Dutch defense, Rubinstein variation"]
[ECO "A84"]
[Time "12:00:08"]
[TimeControl "2700+45"]

1. d4 f5 2. c4 e6 3. Nc3 Nf6 4. Nf3 Be7 5. Bf4 d6 6. h3 O-O 7. Qc2 Qe8 8. e3 a5
9. a4 Nc6 10. Na2 b6 11. Bd3 Qh5 12. O-O Nd7 13. Rfe1 e5 14. dxe5 dxe5 15. Bh2
e4 16. Be2 exf3 17. Bxf3 Qg6 18. Bxc7 Bb7 19. Qd2 Nc5 {Black resigns} 1-0

[Event "Team 45 45 League T59"]
[Site "Internet Chess Club"]
[Date "2013.12.02"]
[Round "2"]
[White "tamky70"]
[Black "rgadoury"]
[Result "1/2-1/2"]
[WhiteElo "1378"]
[BlackElo "1355"]
[Opening "Bird's opening"]
[ECO "A03"]
[Time "19:30:37"]
[TimeControl "2700+45"]

1. f4 d5 2. Nf3 Nf6 3. e3 c6 4. Be2 e6 5. O-O Bc5 6. d3 O-O 7. Nc3 a6 8. Nd4 Bd7
9. Bf3 b5 10. Nce2 Re8 11. Nb3 Bb6 12. d4 Qc7 13. c3 a5 14. Nc5 Bxc5 15. dxc5
Na6 16. Qd4 e5 17. fxe5 Qxe5 18. Qxe5 Rxe5 19. Nf4 Nxc5 20. Ne2 Ree8 21. Ng3 Nd3
22. Ne2 Ne5 23. Nd4 Nxf3+ 24. Nxf3 Ne4 25. Nd2 Nxd2 26. Bxd2 Re4 27. Rf4 Rae8
28. Rxe4 Rxe4 29. Re1 a4 30. Rf1 g5 31. h3 h5 32. Rf3 Kg7 33. Kf2 Kg6 34. Rg3 h4
35. Rf3 f5 36. Bc1 g4 37. Rf4 Kg5 38. hxg4 Rxf4+ 39. exf4+ Kxg4 40. Be3 Be8 41.
Bd2 Bf7 42. a3 Be6 43. Ke3 Kg3 44. Be1+ Kg4 45. Bf2 h3 46. gxh3+ Kxh3 47. Be1
Kg4 48. Bd2 Kh5 49. Kf3 Kg6 50. Be3 Bd7 51. Kg3 Kh5 {Game drawn by mutual
agreement} 1/2-1/2

[Event "Team 45 45 League T59"]
[Site "Internet Chess Club"]
[Date "2013.11.30"]
[Round "2"]
[White "gcl"]
[Black "spuzzy"]
[Result "0-1"]
[WhiteElo "1652"]
[BlackElo "1694"]
[Opening "Giuoco Piano"]
[ECO "C54"]
[Time "12:10:05"]
[TimeControl "2700+45"]

1. e4 e5 2. Nf3 Nc6 3. Bc4 Bc5 4. c3 Nf6 5. d4 exd4 6. cxd4 Bb4+ 7. Bd2 Nxe4 8.
Bxb4 Nxb4 9. Bxf7+ Kxf7 10. Qb3+ d5 11. Qxb4 Re8 12. O-O Kg8 13. Nbd2 Nxd2 14.
Qxd2 Bf5 15. Rac1 c6 16. Ne5 h6 17. Rfe1 Qd6 18. Re3 Re6 19. Rb3 Re7 20. f4 Be4
21. Rg3 Rf8 22. Ra3 a6 23. g3 Qe6 24. Rb3 Qh3 25. Nd3 Bxd3 26. Rxd3 Rfe8 27. Qg2
Re1+ 28. Rxe1 Rxe1+ {White resigns} 0-1

[Event "Team 45 45 League T59"]
[Site "Internet Chess Club"]
[Date "2013.11.30"]
[Round "2"]
[White "Packerfan"]
[Black "Whalen"]
[Result "1/2-1/2"]
[WhiteElo "1781"]
[BlackElo "1652"]
[Opening "French: Winawer, advance variation"]
[ECO "C16"]
[Time "10:00:43"]
[TimeControl "2700+45"]

1. e4 e6 2. d4 d5 3. Nc3 Bb4 4. e5 Ne7 5. f4 c5 6. Bd2 cxd4 7. Nb5 Bxd2+ 8. Qxd2
O-O 9. Nf3 a6 10. Nbxd4 Nbc6 11. O-O-O f6 12. exf6 Rxf6 13. Bd3 Qb6 14. Rhe1
Nxd4 15. Nxd4 Kh8 16. Nf3 Nc6 17. a3 Bd7 18. Re2 Rc8 19. Rde1 Na5 20. Kb1 Nc4
21. Bxc4 Rxc4 22. Qxd5 Qc6 23. Qxc6 Rxc6 24. Ne5 Rd6 25. Nxd7 Rxd7 26. g3 Re7
27. Rd1 g5 28. fxg5 Rf5 29. Rde1 e5 30. h4 Kg7 31. g4 Rf4 32. Re4 Rxe4 33. Rxe4
Kf7 34. Kc1 Ke6 35. c4 Rf7 36. Kd2 Rf2+ 37. Re2 Rf4 38. Rg2 Rxc4 39. h5 Kf7 40.
Kd3 Rf4 41. Re2 Rd4+ 42. Kc3 Rxg4 43. Rxe5 Rh4 44. h6 Rg4 45. Rc5 Kg6 46. Rc7
Rxg5 47. Rxb7 Kxh6 48. Rb6+ Rg6 49. Rb7 Rg7 50. Rxg7 Kxg7 51. Kd4 Kf6 52. b4 Kf5
53. Ke3 Ke5 54. a4 Kd5 55. b5 axb5 56. axb5 Kc5 57. Kf4 Kxb5 {Game drawn by
mutual agreement} 1/2-1/2

[Event "Team 45 45 League T59"]
[Site "Internet Chess Club"]
[Date "2013.12.03"]
[Round "2"]
[White "parrot9"]
[Black "clarinetref"]
[Result "1-0"]
[WhiteElo "1627"]
[BlackElo "1593"]
[Opening "Pirc: Ufimtsev-Pytel variation"]
[ECO "B12"]
[Time "14:05:59"]
[TimeControl "2700+45"]

1. e4 c6 2. d4 d6 3. Nc3 Nf6 4. f4 Bg4 5. Be2 Bxe2 6. Qxe2 Qc7 7. Nf3 Nbd7 8. e5
dxe5 9. fxe5 Nd5 10. O-O h6 11. e6 fxe6 12. Qxe6 Qd6 13. Qxd6 exd6 14. Nxd5 cxd5
15. Nh4 Nf6 16. Ng6 Rg8 17. Bf4 Kd7 18. Rae1 Ne4 19. Be3 Re8 20. Rf7+ Be7 21.
Nxe7 Rxe7 22. Rxe7+ Kxe7 23. Kf1 Rf8+ 24. Ke2 b5 25. Rf1 Rc8 26. Kd3 a5 27. Rf5
Ke6 28. Rf3 b4 29. Bd2 Rc4 30. Re3 Rc7 31. c4 Kf5 32. Rf3+ Ke6 33. cxd5+ Kxd5
34. Rf5+ Ke6 35. Kxe4 Rc2 36. Be3 Rxg2 37. Rxa5 Rxh2 38. d5+ Kd7 39. Ra7+ Ke8
40. Bd4 g5 41. Kf5 Rd2 42. Ke6 Re2+ 43. Kxd6 g4 44. Rh7 Rh2 45. Ke6 Kd8 46. Be5
{Black resigns} 1-0

[Event "Team 45 45 League T59"]
[Site "Internet Chess Club"]
[Date "2013.12.01"]
[Round "2"]
[White "tryanything"]
[Black "Invicta-Knight"]
[Result "1-0"]
[WhiteElo "1563"]
[BlackElo "1484"]
[Opening "Scandinavian: Pytel-Wade variation"]
[ECO "B01"]
[Time "04:34:30"]
[TimeControl "2700+45"]

1. e4 d5 2. exd5 Qxd5 3. Nc3 Qd6 4. d4 a6 5. Nf3 g6 6. Be2 Nh6 7. O-O Bg7 8. Ne4
Qb6 9. c3 Bf5 10. Bd3 Nd7 11. a4 O-O-O 12. Ng3 Bg4 13. h3 Bh5 14. Nxh5 gxh5 15.
a5 Qd6 16. Nh4 e6 17. Qxh5 e5 18. Nf5 Nxf5 19. Qxf5 exd4 20. Bf4 Qc6 21. cxd4
Bxd4 22. Rac1 {Black resigns} 1-0

[Event "Team 45 45 League T59"]
[Site "Internet Chess Club"]
[Date "2013.12.01"]
[Round "2"]
[White "Giacometti"]
[Black "Buford-Julep"]
[Result "0-1"]
[WhiteElo "1648"]
[BlackElo "1719"]
[Opening "Bird's opening"]
[ECO "A03"]
[Time "21:00:31"]
[TimeControl "2700+45"]

1. f4 d5 2. Nf3 Nc6 3. e3 Bg4 4. Be2 Nf6 5. O-O Bxf3 6. Bxf3 e5 7. d4 e4 8. Be2
Qd7 9. b3 O-O-O 10. c4 Kb8 11. a3 Be7 12. b4 h5 13. Bd2 Rdg8 14. b5 Nd8 15. Bb4
Ng4 16. Qb3 f5 17. Nd2 g5 18. c5 gxf4 19. c6 Qe6 20. Rxf4 Bg5 21. a4 Bxf4 22.
exf4 Qg6 23. Be7 Nf7 24. Bh4 Nxh2 25. g3 Ng4 26. a5 Qd6 27. Rc1 Nd8 28. b6 Nxc6
29. bxa7+ Ka8 30. a6 Rb8 31. Qa4 Nxa7 32. Ra1 bxa6 33. Bxa6 Qb4 34. Qa2 Qxd4+
35. Kh1 Rb2 36. Qa5 Rxd2 37. Qxc7 Qxa1+ {White resigns} 0-1

[Event "Team 45 45 League T59"]
[Site "Internet Chess Club"]
[Date "2013.12.03"]
[Round "2"]
[White "LazyPeon"]
[Black "Blitzkrieg00"]
[Result "1-0"]
[WhiteElo "1721"]
[BlackElo "1522"]
[Opening "QGD: Grau (Sahovic) defense"]
[ECO "D06"]
[Time "00:00:28"]
[TimeControl "2700+45"]

1. d4 d5 2. c4 Bf5 3. Nc3 e6 4. cxd5 exd5 5. Qb3 Nc6 6. Nf3 Nb4 7. e4 dxe4 8.
Ne5 Be6 9. Bc4 Bxc4 10. Qxc4 Nd3+ 11. Nxd3 exd3 12. O-O Nf6 13. Bg5 Be7 14. Rfe1
O-O 15. Qxd3 h6 16. Bh4 g5 17. Bg3 Nh5 18. Be5 f6 19. Qg6+ Ng7 20. Bg3 Bb4 21.
Qxh6 Bxc3 22. bxc3 Kf7 23. Qh7 Rh8 24. Qc2 b6 25. Re2 Nh5 26. Qb3+ Kg7 27. Rae1
Kf8 28. Qa3+ Kf7 29. Re7+ Kg6 30. Bxc7 Qd5 31. Qb3 Qf5 32. Qf7+ Kh6 33. h3 Raf8
34. Qxh5+ Kxh5 35. g4+ Qxg4+ 36. hxg4+ Kxg4 37. Kg2 Rh3 38. R1e4+ {Black
resigns} 1-0

[Event "Team 45 45 League T59"]
[Site "Internet Chess Club"]
[Date "2013.12.02"]
[Round "2"]
[White "CaptK"]
[Black "SirIvanhoe"]
[Result "1/2-1/2"]
[WhiteElo "1527"]
[BlackElo "1520"]
[Opening "QGD Slav"]
[ECO "D11"]
[Time "13:02:10"]
[TimeControl "2700+45"]

1. d4 d5 2. Nf3 Nf6 3. c4 c6 4. e3 e6 5. Nbd2 Bb4 6. a3 Be7 7. Bd3 O-O 8. O-O
Nbd7 9. b4 dxc4 10. Nxc4 Nb6 11. Nce5 Nbd5 12. e4 Nb6 13. Bb2 Re8 14. Rc1 Bf8
15. Re1 g6 16. Bf1 Bg7 17. Ng5 Nbd7 18. Nexf7 Qe7 19. e5 Nd5 20. Nd6 Rf8 21. Nf3
Nc7 22. Bc4 Nb6 23. Ba2 Nbd5 24. Qd2 Ne8 25. Nxe8 Rxe8 26. Qd3 Bh6 27. Rc2 Nf4
28. Qd1 Nd5 29. Nd2 Rf8 30. Rf1 Bd7 31. Ne4 Bg7 32. Bxd5 exd5 33. Nd6 Bf5 34.
Nxf5 Rxf5 35. Re1 Qe6 36. Rce2 Raf8 37. Bc1 Rc8 38. f4 Rcf8 39. g3 Bh8 40. Qa4
Ra8 41. Qa5 Rf7 42. Qc5 Rd7 43. a4 b6 44. Qc3 Rf7 45. Rc2 Rc8 46. b5 Rfc7 47.
Qb4 Bg7 48. bxc6 Rxc6 49. Rxc6 Rxc6 50. Ba3 Rc4 51. Qb2 Bf8 52. Bxf8 Kxf8 53.
Qa3+ Kf7 54. Rd1 Qc6 55. Kf2 Rxa4 56. Qe3 Ra2+ 57. Kg1 Qc2 58. Qf3 Qxh2+ 59. Kf1
{Game drawn by mutual agreement} 1/2-1/2